 Dungeon Crawl Stone Soup version 0.26.1-11-gd32895ea62 (webtiles) character file.

Game seed: 7988614032869398338

732 infcreate the Sneak (level 7, -11/40 HPs)
             Began as a Vampire Enchanter on Apr 29, 2021.
             Mangled by Pikel
             ... wielding a +2 whip of electrocution
              (20 damage)
             ... on level 5 of the Dungeon.
             The game lasted 00:26:06 (7919 turns).

infcreate the Sneak (Vampire Enchanter)             Turns: 7919, Time: 00:26:06

Health: -11/40     AC:  4    Str:  7    XL:     7   Next: 45%
Magic:  7/11       EV: 15    Int: 17    God:
Gold:   239        SH:  0    Dex: 17    Spells: 3/12 levels left

rFire    . . .     SeeInvis +   t - +3 dagger (drain)
rCold    + + .     Faith    .   (no shield)
rNeg     + + +     Spirit   .   b - +0 robe
rPois    ∞         Reflect  .   m - +1 helmet
rElec    .         Harm     .   (no cloak)
rCorr    .         Rampage  .   (no gloves)
Will     +....                  (no boots)
Stlth    +++++++...             (no amulet)
HPRegen  0.00/turn              Q - ring of stealth
MPRegen  0.12/turn              c - ring of willpower

@: bloodless
A: fangs 3, see invisible, unbreathing
a: Bat Form, Revivify


You were on level 5 of the Dungeon.
You visited 2 branches of the dungeon, and saw 6 of its levels.

You collected 239 gold pieces.


Innate Abilities, Weirdness & Mutations

You do not regenerate when monsters are visible.
You are frail without blood (-20% HP).
You can heal yourself when you bite living creatures.
You are immune to poison.
You have razor-sharp teeth.
You have supernaturally acute eyesight. (SInv)
You can survive without breathing.


   Skills:
 + Level 2.0 Fighting
 * Level 4.0 Short Blades
 * Level 4.5 Dodging
 * Level 7.2 Stealth
 + Level 3.0 Spellcasting
 * Level 6.9 Hexes


You had 3 spell levels left.
You knew the following spells:

 Your Spells              Type           Power        Failure   Level
c - Corona                Hex            28%          1%          1
d - Tukima's Dance        Hex            26%          3%          3
e - Ensorcelled Hibernat  Hex/Ice        28%          6%          2
t - Confusing Touch       Hex            26%          3%          3

Your spell library contained the following spells:

 Spells                   Type           Power        Failure   Level
 Dazzling Flash           Conj/Hex       28%          13%         3

Inventory:

Hand Weapons
 n - a +0 rapier
 t - a +3 dagger of draining (weapon)
Armour
 b - a +0 robe (worn)
 m - a +1 helmet (worn)
Magical Staves
 h - an uncursed staff of death {!a}
Jewellery
 c - a ring of willpower (right hand)
 F - an uncursed ring of protection from fire
 Q - a ring of stealth (left hand)
 R - an uncursed ring of resist corrosion
Wands
 w - a wand of random effects (25)
Scrolls
 a - a scroll of fog {unknown}
 g - 3 scrolls of remove curse {@r2}
 k - a scroll of enchant armour
 l - a scroll of teleportation {@r4}
 o - 3 scrolls of identify {@r1}
 r - a scroll of enchant weapon {unknown}
 v - a scroll of fear {unknown}
 x - 2 scrolls of random uselessness {unknown}
Potions
 d - a potion of lignification {unknown}
 e - a potion of flight {unknown}
 f - 2 potions of attraction {unknown}
 i - a potion of degeneration {unknown}
 j - a potion of magic {unknown}
 p - a potion of cancellation {unknown}
 q - 2 potions of mutation {unknown}
 s - a potion of curing {unknown}
 u - a potion of ambrosia {unknown}

Dungeon Overview and Level Annotations

Branches:
Dungeon (5/15)             Temple (1/1) D:5

Altars:
Cheibriados
Elyvilon
Fedhas
Hepliaklqana
Qazlal
Ru
Uskayaw
Vehumet
Wu Jian
Yredelemnul
The Shining One

Annotations:
D:4 2 transporters, raph's ghost, amateur GrEE
D:5 Pikel

####.##.....# #..
..#####...##
####.######## #.# ###
#...# ...#.# #.# #...#
##.#.###########.# #...#
...............#.# ....#
##.##.##..#.#..#.# #...#
##.##)##..#......#####.#
#...........#..#........
##.##.##..#.#..#@####..#
####.##.......#K#
#.......####5# #########
#5# #5# #.. ###


You could see Pikel (confused) and 3 lemures.


Message History

Confirm with . or Enter, or press ? or * to list all spells.
Aiming: Ensorcelled Hibernation (safe; 6% risk of failure)
Press: ? - help, Shift-Dir - straight line, f - lemure
Aim: a lemure (lightly wounded, chance to affect: 45%)
The lemure looks drowsy...
The helpless lemure fails to defend itself.
You stick the lemure like a pincushion!!!
You kill the lemure!
That felt strangely unrewarding.
Casting: Ensorcelled Hibernation (safe; 6% risk of failure)
Confirm with . or Enter, or press ? or * to list all spells.
Your hands begin to glow red.
Pikel hits you with a +2 whip of electrocution!
You hit Pikel but do no damage. You bite Pikel, but do no damage.
Pikel hits you with a +2 whip of electrocution.
You hit Pikel but do no damage. Your bite misses Pikel.
Pikel closely misses you.
You hit Pikel but do no damage. You bite Pikel, but do no damage.
Pikel hits you but does no damage.
You are electrocuted!
* * * LOW HITPOINT WARNING * * *
You hit Pikel but do no damage.
Pikel appears confused.
You hit Pikel but do no damage. Pikel barely misses you.
You hit Pikel but do no damage. Pikel completely misses you.
You hit Pikel but do no damage.
Pikel hits you with a +2 whip of electrocution!
* * * LOW HITPOINT WARNING * * *
You are electrocuted!!
Ouch! That really hurt!
You die...

Skill      XL: |  1  2  3  4  5  6  7 |
---------------+----------------------+-----
Short Blades   | 2 3 4 |  4.0
Stealth        | 5 6 7 |  7.2
Hexes          | 5 6 |  6.9
Dodging        | 3 4 |  4.5
Fighting       | 1 2 |  2.0
Spellcasting   | 3 |  3.0

Action                   |  1- 3 |  4- 6 |  7- 9 || total
-------------------------+-------+-------+-------++-------
Melee: Dagger            |   114 |   106 |    48 ||   268
       Bite              |     5 |     7 |     6 ||    18
 Cast: Corona            |    32 |    16 |     3 ||    51
       Ensorcelled Hiber |    31 |    59 |    17 ||   107
       Confusing Touch   |     1 |     6 |     5 ||    12
       Tukima's Dance    |       |     2 |       ||     2
 Abil: Exsanguinate      |     1 |       |       ||     1
  Use: Scroll            |     2 |     2 |     1 ||     5
 Stab: Sleeping          |    24 |    41 |     9 ||    74
       Confused          |     1 |     6 |     3 ||    10
Armor: Robe              |    22 |     7 |     7 ||    36
Dodge: Dodged            |    66 |    48 |    21 ||   135

Levels and vault maps discovered:
D:1:      lightli_arrival_lavapool, layout_loops_ring, item_on_display_a
D:2:      layout_basic, serial_glass, glass_columns_a, glass_columns_b
D:3:      layout_basic
D:4:      layout_basic, kennysheep_little_box, gammafunk_ghost_mausoleum,
          serial_bayou, serial_bayou_pond_a, serial_bayou_pond_a,
          serial_bayou_pond_b, serial_bayou_lagoon_a
D:5:      layout_loops_cross, minmay_temple_entry_overgrown, uniq_pikel
Temple:   jpeg_temple_alley_garden

Notes
Turn   | Place    | Note
-------+----------+-------------------------------------------
     0 | D:1      | infcreate the Vampire Enchanter began the quest for the
                  | Orb.
     0 | D:1      | Reached XP level 1. HP: 13/13 MP: 3/3
   519 | D:1      | Reached XP level 2. HP: 15/15 MP: 5/5
   600 | D:1      | Learned a level 2 spell: Ensorcelled Hibernation
  1440 | D:1      | Reached XP level 3. HP: 15/20 MP: 1/6
  1983 | D:2      | Reached skill level 2 in Short Blades
  2049 | D:2      | Learned a level 3 spell: Confusing Touch
  2642 | D:2      | Reached skill level 5 in Stealth
  2833 | D:1      | Reached skill level 5 in Hexes
  2895 | D:2      | Reached skill level 3 in Dodging
  2895 | D:2      | Reached XP level 4. HP: 24/24 MP: 4/7
  3170 | D:2      | Reached skill level 1 in Fighting
  4031 | D:3      | Reached XP level 5. HP: 29/29 MP: 3/8
  4659 | D:4      | Found a transporter.
  4689 | D:4      | Noticed an ogre
  5047 | D:4      | Noticed a phantom
  5071 | D:4      | Killed a phantom
  5072 | D:4      | Reached skill level 3 in Short Blades
  5072 | D:4      | Reached skill level 6 in Stealth
  5072 | D:4      | Reached skill level 6 in Hexes
  5072 | D:4      | Reached XP level 6. HP: 24/34 MP: 4/9
  5076 | D:4      | Learned a level 3 spell: Tukima's Dance
  6127 | D:4      | Found a transporter.
  6128 | D:4      | Noticed raph's ghost (amateur GrEE)
  6418 | D:4      | Reached skill level 4 in Dodging
  6478 | D:4      | Found a snail-covered altar of Cheibriados.
  6694 | D:5      | Entered Level 5 of the Dungeon
  6756 | D:5      | Reached XP level 7. HP: 39/39 MP: 11/11
  7217 | D:5      | Reached skill level 7 in Stealth
  7436 | D:5      | Reached skill level 2 in Fighting
  7442 | D:5      | Found a staircase to the Ecumenical Temple.
  7451 | Temple   | Entered the Ecumenical Temple
  7771 | D:5      | Reached skill level 4 in Short Blades
  7771 | D:5      | Reached skill level 3 in Spellcasting
  7906 | D:5      | Noticed Pikel
  7919 | D:5      | Mangled by Pikel

Vanquished Creatures
  A phantom (D:4)
  An ice beast (D:5)
  An ogre (D:4)
  A lemure (D:5)
  A centaur (D:5)
  A hound (D:4)
  2 orc wizards
  An orc priest (D:5)
  A jelly (D:2)
  A worker ant (D:4)
  A hound skeleton (D:4)
  3 gnolls
  11 adders
  A shadow imp (D:5)
  An ooze (D:1)
  2 worms
  A dart slug (D:1)
  5 leopard geckos
  14 orcs
  9 bats
  2 giant cockroaches
  7 goblins
  9 hobgoblins
  4 jackals
  3 quokkas
  2 ball pythons
  7 frilled lizards
  9 kobolds
  A quokka zombie (D:5)
  8 rats
111 creatures vanquished.

Vanquished Creatures (others)
  A dancing weapon (D:4)
  37 plants
38 creatures vanquished.

Grand Total: 149 creatures vanquished

Table legend: (Time is in decaauts)
 A = Elapsed time spent in this place.
 B = Non-inter-level travel time spent in this place.
 C = Inter-level travel time spent in this place.
 D = Time resting spent in this place.
 E = Time spent auto-exploring this place.
 F = Levels seen in this place.
 G = Mean time per level.
                   A        B        C        D        E       F      G
               +--------+--------+--------+--------+--------+-----+--------+
         Total |   7895 |   7338 |    557 |   2953 |   1399 |   6 | 1315.8 |
       Dungeon |   7656 |   7154 |    502 |   2953 |   1217 |   5 | 1531.2 |
        Temple |    238 |    183 |     55 |      0 |    182 |   1 |  238.0 |
               +--------+--------+--------+--------+--------+-----+--------+

Top non-repeatable levels by time:
     D:1: 2107 daAuts
     D:4: 2031 daAuts
     D:2: 1647 daAuts
     D:3: 1046 daAuts
     D:5: 824 daAuts
  Temple: 238 daAuts

Table legend:
 A = Non-vault XP
 B = Vault XP
 C = Vault XP percentage of total XP
 D = Non-vault monster count
 E = Vault monster count
 F = Vault count percentage of total count
                 A         B        C        D         E       F
            +---------+---------+-------+---------+---------+-------
      Total |     982 |      64 |   6.1 |     106 |       4 |   3.6
            +---------+---------+-------+---------+---------+-------
        D:1 |      67 |       0 |   0.0 |      33 |       0 |   0.0
        D:2 |     118 |       0 |   0.0 |      27 |       0 |   0.0
        D:3 |      44 |       0 |   0.0 |      11 |       0 |   0.0
        D:4 |     354 |      64 |  15.3 |      20 |       4 |  16.7
        D:5 |     399 |       0 |   0.0 |      15 |       0 |   0.0
            +---------+---------+-------+---------+---------+-------
